 Dungeon Crawl Stone Soup version 0.29-a0-821-g66395355a5 (webtiles) character file.

Game seed: 1922204236491270629

243 lesbiats the Digger (level 6, -3/35 HPs)
             Began as a Gargoyle Earth Elementalist on July 7, 2022.
             Was a Believer of Sif Muna.
             Slain by a wight
             ... wielding a +5 long sword of freezing
              (4 damage)
             ... on level 4 of the Dungeon.
             The game lasted 00:20:21 (2745 turns).

lesbiats the Digger (Gargoyle Earth Elementalist)   Turns: 2745, Time: 00:20:23

Health: -3/35      AC:  7    Str: 11    XL:     6   Next: 9%
Magic:  6/10       EV: 11    Int: 18    God:    Sif Muna [**....]
Gold:   168        SH:  0    Dex: 10    Spells: 5/11 levels left

rFire   + . .      SeeInvis .   m - +11 trident of Udiuly {protect, rF+ rN+ Will+ Stlth+}
rCold   . . .      Faith    .   (no shield)
rNeg    + + .      Spirit   .   c - +0 leather armour
rPois   ∞          Reflect  .   (no helmet)
rElec   +          Harm     .   (no cloak)
rCorr   .          Rampage  .   (no gloves)
Will    +....                   (no boots)
Stlth   +++.......              (no amulet)
HPRegen 0.11/turn               (no ring)
MPRegen 0.12/turn               (no ring)

@: very slightly contaminated
A: sickness immunity, AC +4, negative energy resistance 1, electricity
resistance, torment resistance 1, petrification resistance
a: Renounce Religion, Channel Magic


You were on level 4 of the Dungeon.
You worshipped Sif Muna.
Sif Muna was pleased with you.
You visited 1 branch of the dungeon, and saw 4 of its levels.

You collected 168 gold pieces.

Inventory:

Hand Weapons
 f - a +0 rapier
 j - a +0 whip
 m - the +11 trident of Udiuly (weapon) {protect, rF+ rN+ Will+ Stlth+}
   (You found it on level 2 of the Dungeon)

   It grants its wielder temporary protection when it strikes (+7 to AC).
   rF:        It protects you from fire.
   rN:        It protects you from negative energy.
   Will:      It increases your willpower.
   Stlth:     It makes you more stealthy.
 o - a +0 vorpal quarterstaff
 y - a +0 arbalest
Missiles
 k - 8 poisoned darts
 p - 24 stones
 w - 2 javelins
Armour
 a - a +0 robe
 c - a +0 leather armour (worn)
 q - a +0 ring mail
Magical Staves
 d - a staff of poison
Jewellery
 B - an amulet of the acrobat
Wands
 l - a wand of quicksilver (7)
 A - a wand of roots (11)
Scrolls
 g - a scroll of fear
 i - a scroll of enchant armour
 n - a scroll of immolation {unknown}
 r - a scroll of teleportation {unknown}
 t - 2 scrolls of vulnerability
 v - a scroll of brand weapon {unknown}
Potions
 b - 4 potions of magic
 e - 2 potions of lignification {unknown}
 h - 2 potions of degeneration {unknown}
 s - a potion of flight {unknown}
 u - 2 potions of brilliance
 x - a potion of curing {unknown}
 z - a potion of ambrosia {unknown}


   Skills:
 + Level 2.0 Fighting
 + Level 1.5 Armour
 + Level 2.2 Dodging
 - Level 2.5 Stealth
 + Level 3.0 Spellcasting
 + Level 2.3 Conjurations
 - Level 1.2 Transmutations
 + Level 4.3 Earth Magic
 + Level 1.5 Invocations


You had 5 spell levels left.
You knew the following spells:

 Your Spells              Type           Power      Damage    Failure   Level
a - Sandblast             Erth           36%        2d10      3%          1
b - Passwall              Tmut/Erth      10%        N/A       11%         2
c - Stone Arrow           Conj/Erth      28%        3d8       16%         3

Your spell library contained the following spells:

 Spells                   Type           Power      Damage    Failure   Level
 Call Canine Familiar     Summ           2%         N/A       54%         3
 Portal Projectile        Hex/Tloc       4%         N/A       54%         3
 Petrify                  Tmut/Erth      12%        N/A       56%         4
 Leda's Liquefaction      Hex/Erth       5%         N/A       65%         4


Dungeon Overview and Level Annotations

Branches:
Dungeon (4/15)
 Temple: D:4-7

Altars:
Sif Muna


Innate Abilities, Weirdness & Mutations

You are immune to sickness and miasma.
Your stone body is resilient. (AC +4)
You are immune to poison.
You resist negative energy. (rN+)
You are resistant to electric shocks. (rElec)
You are resistant to unholy torment.
You are immune to petrification.


Message History

The wight misses you.
Aiming: Sandblast (safe; 3% risk of failure)
Press: ? - help, Q - select action, (/) - cycle Shift-Dir - straight line, f/p - wight
Aim: a wight, wielding a +0 great sword and wearing a +0 robe (almost destroyed, 79% to hit)
The blast of sand hits the wight.
You destroy the wight!
Sif Muna accepts your kill. The wight completely misses you.
The wight hits you with a +5 long sword of freezing!
The wight freezes you.
Your Fighting skill increases to level 2!
Your Spellcasting skill increases to level 3!
You have reached level 6!
Aiming: Sandblast (safe; 3% risk of failure)
Press: ? - help, Q - select action, (/) - cycle Shift-Dir - straight line, f - wight
Aim: a wight, wielding a +5 long sword of freezing and wearing a +0 robe (79% to hit)
The blast of sand hits the wight.
The wight is moderately damaged.
The wight hits you with a +5 long sword of freezing.
The wight freezes you. The wight misses you.
You closely miss the wight.
The wight is moderately damaged.
The wight barely misses you.
The wight hits you with a +5 long sword of freezing.
* * * LOW HITPOINT WARNING * * *
The wight freezes you.
* * * LOW HITPOINT WARNING * * *
The wight attacks as you move away! The wight closely misses you.
Okay, then.
Aiming: Sandblast (safe; 3% risk of failure)
Press: ? - help, Q - select action, (/) - cycle Shift-Dir - straight line, f/p - wight
Aim: a wight, wielding a +5 long sword of freezing and wearing a +0 robe (moderately damaged, 79% to hit)
You miscast Sandblast.
You are very lightly contaminated with residual magic.
Nothing appears to happen.
The wight barely misses you.
The wight hits you with a +5 long sword of freezing!
* * * LOW HITPOINT WARNING * * *
The wight freezes you.
You die...

.....##.#.#
........#.#
..........#
..........#
..........#
......)...#
#.z.# #z..#
#@#.# ###
#.#># ...
#.#########.##
#.......#....#
#######.#.#..#
#.#<...#
#.#..<.#
#.####.#
#......#


You could see 2 wights.

Vanquished Creatures
  A scorpion (D:3)
  A wight (D:4)
  An iguana (D:3)
  3 adders (D:3)
  A worm (D:3)
  3 dart slugs (D:2)
  9 ball pythons
  4 bats
  14 endoplasms
  3 giant cockroaches
  3 goblins (D:2)
  8 hobgoblins
  3 jackals (D:1)
  3 quokkas
  3 frilled lizards
  6 kobolds
  5 rats
71 creatures vanquished.

Notes
Turn   | Place    | Note
-------+----------+-------------------------------------------
     0 | D:1      | lesbiats the Gargoyle Earth Elementalist began the quest
                  | for the Orb.
     0 | D:1      | Reached XP level 1. HP: 10/10 MP: 3/3
    95 | D:1      | Reached skill level 1 in Transmutations
    95 | D:1      | Reached XP level 2. HP: 13/15 MP: 0/5
   540 | D:1      | Learned a level 2 spell: Passwall
   615 | D:1      | Found a faded altar of an unknown god.
   621 | D:1      | Reached XP level 3. HP: 20/20 MP: 4/6
   630 | D:1      | Prayed at the altar of an unknown god.
   630 | D:1      | Became a worshipper of Sif Muna the Loreminder
   630 | D:1      | Reached * piety under Sif Muna
   981 | D:1      | Learned a level 3 spell: Stone Arrow
  1033 | D:2      | Identified the +11 trident of Udiuly {protect, rF+ rN+
                  | Will+ Stlth+}
  1230 | D:2      | Reached skill level 1 in Fighting
  1493 | D:2      | Reached XP level 4. HP: 25/25 MP: 4/7
  1539 | D:2      | Reached ** piety under Sif Muna
  1796 | D:2      | Reached skill level 1 in Conjurations
  1994 | D:3      | Reached skill level 4 in Earth Magic
  2169 | D:3      | Noticed a scorpion
  2178 | D:3      | Killed a scorpion
  2179 | D:3      | Reached skill level 1 in Armour
  2179 | D:3      | Reached skill level 1 in Invocations
  2179 | D:3      | Reached XP level 5. HP: 28/29 MP: 6/9
  2741 | D:4      | Reached XP level 6. HP: 14/35 MP: 7/10
  2745 | D:4      | HP: 1/35 [wight/+5 long sword of freezing (7)]
  2745 | D:4      | Slain by a wight

Illustrated notes

Levels and vault maps discovered:
D:1:      dpeg_arrival_windows_large_door, layout_rooms,
          chequers_ecumenical_altar_simple,
          nicolae_concentric_dashed_squares_wild, minmay_tall_x
D:2:      layout_loops_ring, minmay_split_cup_small
D:3:      layout_basic
D:4:      layout_basic, nicolae_overflow_hidden_temple,
          chequers_serial_rivers_micro_b

Skill      XL: |  1  2  3  4  5 |
---------------+----------------+-----
Transmutations | 1 |  1.2
Fighting       | 1 2 |  2.0
Conjurations   | 2 |  2.3
Earth Magic    | 4 |  4.3
Dodging        | 2 |  2.2
Armour         | 1 |  1.5
Invocations    | 1 |  1.5
Spellcasting   | 3 |  3.0
Stealth        | |  2.5

Action                   |  1- 3 |  4- 6 || total
-------------------------+-------+-------++-------
Melee: Unarmed           |     5 |       ||     5
       Staff             |     3 |       ||     3
       Rapier            |    11 |       ||    11
       Trident           |     8 |    20 ||    28
 Cast: Sandblast         |    49 |    25 ||    74
  Use: Scroll            |     2 |     2 ||     4
Armor: Robe              |    15 |       ||    15
       Leather armour    |     4 |    10 ||    14
Dodge: Dodged            |    50 |    19 ||    69

Table legend: (Time is in decaauts)
 A = Elapsed time spent in this place.
 B = Non-inter-level travel time spent in this place.
 C = Inter-level travel time spent in this place.
 D = Time resting spent in this place.
 E = Time spent auto-exploring this place.
 F = Levels seen in this place.
 G = Mean time per level.
                   A        B        C        D        E       F      G
               +--------+--------+--------+--------+--------+-----+--------+
         Total |   2831 |   2598 |    233 |    389 |   1506 |   4 |  707.8 |
       Dungeon |   2831 |   2598 |    233 |    389 |   1506 |   4 |  707.8 |
               +--------+--------+--------+--------+--------+-----+--------+

Top non-repeatable levels by time:
     D:1: 1020 daAuts
     D:3: 897 daAuts
     D:2: 879 daAuts
     D:4: 34 daAuts
